 Dungeon Crawl Stone Soup version 0.29.1-13-g9f3cf754e1 (webtiles) character file.

Game seed: 15084590024394567588

844 mikeweasel the Ruffian (level 8, -2/67 HPs)
             Began as a Ghoul Monk on Jan 24, 2023.
             Was a Believer of Makhleb.
             Slain by a gnoll
             ... wielding a +0 halberd
             ... led by a gnoll bouda
              (13 damage)
             ... on level 5 of the Dungeon on Jan 25, 2023.
             The game lasted 00:35:04 (5580 turns).

mikeweasel the Ruffian (Ghoul Monk)                 Turns: 5580, Time: 00:35:05

Health: -2/67      AC:  4    Str: 17    XL:     8   Next: 0%
Magic:  6/8        EV: 13    Int: 10    God:    Makhleb [**....]
Gold:   255        SH:  0    Dex: 17    Spells: 7/9 levels left

rFire   . . .      SeeInvis .   g - +5 short sword "Qicwutob" {speed, Fly rC+ Int+2}
rCold   + + .      Faith    .   (no shield)
rNeg    + + +      Spirit   .   e - +0 leather armour
rPois   ∞          Reflect  .   f - +0 helmet
rElec   .          Harm     .   (no cloak)
rCorr   .          Rampage  .   (no gloves)
Will    .....                   (no boots)
Stlth   +++.......              (no amulet)
HPRegen 0.00/turn               k - ring "Postril" {Int+3 Dex+6}
MPRegen 0.11/turn               (no ring)

@: flying, inhibited regen
A: claws 1, cold resistance 1, negative energy resistance 3, inhibited
regeneration, torment resistance 2, devour on kill
a: Renounce Religion, Minor Destruction


You were on level 5 of the Dungeon.
You worshipped Makhleb.
Makhleb was pleased with you.
You visited 2 branches of the dungeon, and saw 6 of its levels.

You collected 255 gold pieces.

Inventory:

Hand Weapons
 g - the +5 short sword "Qicwutob" (weapon) {speed, Fly rC+ Int+2}
   (You found it on level 2 of the Dungeon)

   Attacks with this weapon are significantly faster.
   Int:       It affects your intelligence (+2).
   rC:        It protects you from cold.
   Fly:       It grants you flight.
Missiles
 d - 19 poisoned darts (quivered)
 j - 3 silver javelins
Armour
 e - a +0 leather armour (worn)
 f - a +0 helmet (worn)
Jewellery
 k - the ring "Postril" (left claw) {Int+3 Dex+6}
   (You found it on level 3 of the Dungeon)

   [ring of dexterity]

   Int:       It affects your intelligence (+3).
   Dex:       It affects your dexterity (+6).
Scrolls
 h - a scroll of identify
Potions
 a - 2 potions of curing
 b - a potion of ambrosia
 c - a potion of flight
 l - a potion of magic


   Skills:
 + Level 4.3 Fighting
 + Level 3.5 Short Blades
 + Level 1.5 Throwing
 + Level 2.8 Armour
 + Level 3.4 Dodging
 + Level 4.3 Stealth
 + Level 4.6 Unarmed Combat
 + Level 1.2 Spellcasting
 + Level 1.2 Summonings
 + Level 1.3 Necromancy


You had 7 spell levels left.
You knew the following spells:

 Your Spells              Type           Power      Damage    Failure   Level
a - Necrotise             Necr           12%        1d4       24%         1
b - Summon Small Mammal   Summ           12%        N/A       24%         1

Your spell library contained the following spells:

 Spells                   Type           Power      Damage    Failure   Level
 Apportation              Tloc           0%         N/A       38%         1


Dungeon Overview and Level Annotations

Branches:
Dungeon (5/15)             Temple (1/1) D:4

Altars:
Ashenzari
Fedhas
Gozag
Hepliaklqana
Kikubaaqudgha
Makhleb
Nemelex Xobeh
Qazlal
Trog
Vehumet
Wu Jian
Xom
Yredelemnul

Shops:
D:1 =


Innate Abilities, Weirdness & Mutations

You are immune to poison.
You have sharp fingernails.
Your flesh is cold resistant. (rC+)
You are immune to negative energy. (rN+++)
You do not regenerate when monsters are visible.
You are immune to unholy pain and torment.
You thrive by killing the living.


Message History

The gnoll hits you from afar with a +0 halberd.
You closely miss the gnoll.
The gnoll is almost dead.
The gnoll hits you with a +0 flail.
* * * LOW HITPOINT WARNING * * *
The gnoll barely misses you.
You puncture the gnoll!
You kill the gnoll!
Makhleb accepts your kill.
You have reached level 8!
You feel better. The gnoll misses you.
Casting: Necrotise (safe; 24% risk of failure)
Confirm with . or Enter, or press ? or * to list all spells.
Aiming: Necrotise (safe; 24% risk of failure)
Press: ? - help, Shift-Dir - straight line, f - gnoll
Aim: a gnoll, wielding a +0 halberd (chance to affect: 52%)
The gnoll resists with significant effort.
The gnoll hits you from afar with a +0 halberd!
* * * LOW HITPOINT WARNING * * *
The gnoll hits you with a +0 halberd.
* * * LOW HITPOINT WARNING * * *
Items here: ))))))) [[[[[ ††††.
You hit the gnoll.
The gnoll is heavily wounded.
The gnoll barely misses you.
You barely miss the gnoll.
The gnoll is heavily wounded.
You completely miss the gnoll.
The gnoll is heavily wounded.
The gnoll closely misses you.
You barely miss the gnoll.
The gnoll is heavily wounded.
The gnoll barely misses you.
Casting: Necrotise (safe; 24% risk of failure)
Confirm with . or Enter, or press ? or * to list all spells.
Aiming: Necrotise (safe; 24% risk of failure)
Press: ? - help, Shift-Dir - straight line, f/p - gnoll
Aim: a gnoll, wielding a +0 halberd (heavily wounded, chance to affect: 52%)
The gnoll writhes in agony.
The gnoll hits you with a +0 halberd!
You die...

.#.#.................##.#.#.#
###...>.###.#.##...<..........
#
##........#.##.##########.###
###.....#####.##.# .#
.#.....## ##.##.# #
..##########...#.#
.............#.#.#
#.##########...#.# #.# #####@#
#.# #....g.# #.### #.######
#...# ###.# #.# #.# #.# ###


You could see a gnoll.

Vanquished Creatures
  Sigmund (D:4)
  A black bear (D:4)
  A phantom (D:3)
  A jelly (D:4)
  An orc priest (D:4)
  A hound (D:4)
  A gnoll bouda (D:5)
  7 orc wizards
  An iguana (D:5)
  Robin (D:2)
  2 gnolls (D:5)
  7 adders
  5 worms (D:2)
  A dart slug (D:2)
  10 orcs
  9 endoplasms
  6 giant cockroaches
  16 goblins
  7 hobgoblins
  4 jackals (D:4)
  3 quokkas
  4 ball pythons
  5 bats
  4 frilled lizards
  10 kobolds
  10 rats
119 creatures vanquished.

Notes
Turn   | Place    | Note
-------+----------+-------------------------------------------
     0 | D:1      | mikeweasel the Ghoul Monk began the quest for the Orb.
     0 | D:1      | Reached XP level 1. HP: 19/19 MP: 0/0
   241 | D:1      | Reached XP level 2. HP: 14/26 MP: 1/1
   514 | D:1      | Found Syiteawa's Jewellery Shoppe.
  1136 | D:2      | Reached XP level 3. HP: 33/33 MP: 2/2
  1222 | D:2      | Found a faded altar of an unknown god.
  1479 | D:2      | Reached XP level 4. HP: 21/40 MP: 3/3
  1922 | D:2      | Noticed Robin
  1932 | D:2      | Killed Robin
  1957 | D:2      | Identified the +5 short sword "Qicwutob" {speed, Fly rC+
                  | Int+2}
  2005 | D:2      | Reached XP level 5. HP: 40/46 MP: 4/4
  2434 | D:2      | Identified the +7 mace of Unekho {elec, rC+++ rN+++ MP+9
                  | Str-5 Dex-2}
  2669 | D:3      | Noticed a phantom
  2684 | D:3      | Killed a phantom
  2685 | D:3      | Reached skill level 1 in Armour
  2869 | D:3      | Reached skill level 1 in Short Blades
  2918 | D:3      | Identified the ring "Postril" {Int+3 Dex+6}
  3399 | D:4      | Reached XP level 6. HP: 52/52 MP: 5/5
  3839 | D:4      | Noticed Sigmund
  3856 | D:4      | Killed Sigmund
  3857 | D:4      | Reached skill level 1 in Throwing
  3857 | D:4      | Reached XP level 7. HP: 32/59 MP: 0/6
  3857 | D:4      | Found a staircase to the Ecumenical Temple.
  4024 | Temple   | Entered the Ecumenical Temple
  4197 | Temple   | Became a worshipper of Makhleb the Destroyer
  4197 | Temple   | Reached * piety under Makhleb
  4197 | Temple   | Reached ** piety under Makhleb
  4264 | D:4      | Learned a level 1 spell: Necrotise
  4266 | D:4      | Learned a level 1 spell: Summon Small Mammal
  4956 | D:4      | Reached skill level 1 in Spellcasting
  5218 | D:4      | Reached skill level 1 in Summonings
  5261 | D:5      | Entered Level 5 of the Dungeon
  5561 | D:5      | Reached skill level 1 in Necromancy
  5573 | D:5      | Reached XP level 8. HP: 18/67 MP: 8/8
  5580 | D:5      | Slain by a gnoll

Illustrated notes

Levels and vault maps discovered:
D:1:      minmay_arrival_shoal_huts, layout_basic, serial_shops,
          nicolae_shop_trees, minmay_crystal_water
D:2:      minmay_skewed_foursquare, layout_loops_ring,
          nicolae_ecumenical_lake_church, chequers_serial_rivers_small_3,
          uniq_robin
D:3:      layout_basic
D:4:      layout_basic, minmay_temple_entry_grid, uniq_sigmund
D:5:      layout_loops_ring, nicolae_overflow_hidden_temple,
          ebering_ghost_inner_flame, amcnicky_mini_corridor_feature
Temple:   regret_index_temple_sphere_string

Skill      XL: |  1  2  3  4  5  6  7 |
---------------+----------------------+-----
Stealth        | 3 4 |  4.3
Dodging        | 3 |  3.4
Unarmed Combat | 4 |  4.6
Fighting       | 4 |  4.3
Armour         | 1 2 |  2.8
Short Blades   | 1 2 3 |  3.5
Throwing       | 1 |  1.5
Spellcasting   | 1 |  1.2
Summonings     | 1 |  1.2
Necromancy     | 1 |  1.3

Action                   |  1- 3 |  4- 6 |  7- 9 || total
-------------------------+-------+-------+-------++-------
Melee: Unarmed           |   111 |    57 |       ||   168
       Punch             |     1 |     3 |     6 ||    10
       Short sword       |       |   139 |   106 ||   245
Throw: Dart              |       |    21 |     9 ||    30
 Cast: Summon Small Mamm |       |       |     9 ||     9
       Necrotise         |       |       |     9 ||     9
  Use: Scroll            |     6 |     5 |     1 ||    12
       Potion            |     1 |     4 |     1 ||     6
 Stab: Sleeping          |    10 |     2 |     2 ||    14
       Distracted        |       |     1 |       ||     1
Armor: Robe              |    20 |       |       ||    20
       Leather armour    |       |    28 |    12 ||    40
Dodge: Dodged            |    57 |    75 |    45 ||   177
